AoeStats
← failbaddon

Arabia

509684758Analyzed
4v4 RM · 5d ago on Sep 27, 2026· 31m 54s· 8 players
Game mode
Random Map
Map size
Large (8 player)
Population
200
Speed
Normal
Resources
Standard
Victory
Conquest
Starting age
Dark Age
Ending age
Imperial Age
RankedLock teamsTeams togetherTeam positionsShared explorationLock speedFull tech treeHidden civsTurbo modeCheats
Victory
Defeat
🇺🇸 Shu · United States
1083
+15
🇺🇸 Magyars · United States
1074
+16
🇺🇸 Danes · United States
1047
+17
🇺🇸 Varangians · United States
1042
+17
🇪🇸 Italians · Spain
1188
-20
🇪🇸 Teutons · Spain
1150
-20
🇬🇧 Mongols · United Kingdom
1032
-15
🇪🇸 Persians · Spain
905
-10
failbaddon
6:56 Loom
9:31 Feudal Age
10:04 Double-Bit Axe
10:20 Horse Collar
17:21 Scale Barding Armor
18:42 Bloodlines
19:32 Wheelbarrow
22:57 Castle Age
21:46 Gold Mining
23:05 Light Cavalry
24:10 Chain Barding Armor
24:03 Bow Saw
26:07 Husbandry
27:34 Gold Shaft Mining
28:54 Town Watch
29:25 Hand Cart
31:47 Heavy Plow
SupaHotFire
7:27 Loom
10:21 Feudal Age
10:25 Man-at-Arms
15:00 Double-Bit Axe
16:55 Wheelbarrow
22:28 Castle Age
21:22 Horse Collar
23:34 Scale Mail Armor
25:32 Hand Cart
25:55 Squires
28:29 Town Watch
28:59 Forging
30:19 Chain Mail Armor
30:12 Gold Mining
31:15 Bow Saw
31:01 Arson
ClydeTheLP
2:47 Loom
10:23 Feudal Age
17:25 Castle Age
15:38 Fletching
16:43 Padded Archer Armor
18:16 Wheelbarrow
18:21 Crossbowman
19:49 Bodkin Arrow
19:55 Scale Mail Armor
20:15 Elite Skirmisher
24:26 Leather Archer Armor
24:00 Double-Bit Axe
24:54 Pikeman
26:33 Horse Collar
27:03 Squires
28:42 Thumb Ring
31:42 Chain Mail Armor
Leonidas
6:12 Loom
10:29 Feudal Age
10:59 Horse Collar
11:05 Double-Bit Axe
14:29 Bloodlines
16:14 Scale Barding Armor
18:10 Forging
18:40 Wheelbarrow
22:39 Castle Age
20:34 Gold Mining
22:09 Scale Mail Armor
23:00 Arson
23:30 Bow Saw
23:31 Squires
23:01 Light Cavalry
23:42 Husbandry
sepereti
11:04 Feudal Age
10:19 Loom
19:01 Castle Age
19:03 Double-Bit Axe
19:01 Horse Collar
19:41 Bloodlines
21:41 Heavy Plow
21:54 Bow Saw
22:56 Wheelbarrow
23:30 Scale Barding Armor
23:36 Forging
23:35 Pikeman
24:16 Squires
26:56 Chain Barding Armor
30:18 Gold Mining
chinorron
7:06 Loom
11:13 Feudal Age
14:49 Fletching
17:08 Double-Bit Axe
18:31 Padded Archer Armor
23:45 Horse Collar
27:00 Castle Age
25:16 Gold Mining
28:02 Crossbowman
29:37 Wheelbarrow
30:33 Crossbowman
31:57 Leather Archer Armor
RAPAZ
0:29 Loom
11:18 Feudal Age
15:35 Castle Age
13:57 Double-Bit Axe
14:29 Horse Collar
16:29 Bloodlines
17:05 Husbandry
23:06 Wheelbarrow
26:14 Scale Barding Armor
26:56 Forging
31:44 Hand Cart
kypraeos18
11:02 Feudal Age
15:06 Castle Age
13:11 Double-Bit Axe
13:51 Fletching
15:00 Horse Collar
23:29 Bodkin Arrow
27:23 Ballistics
27:49 Wheelbarrow
Connection lost

Rejoining the realm…

Still unreachable

The connection could not be restored.

Session expired

The server has moved on; the page needs a fresh start.